 Dungeon Crawl Stone Soup version 0.32-a0-607-g64ea0e4219 (webtiles) character file.

Game seed: 15799963130908660501

241 ezpacito the Chopper (level 6, -8/48 HPs)
             Began as a Coglin Chaos Knight on Mar 3, 2024.
             Was a Plaything of Xom.
             Killed by divine providence
             ... invoked by an orc priest
              (11 damage)
             ... on level 4 of the Dungeon.
             The game lasted 00:05:01 (2813 turns).

ezpacito the Chopper (Coglin Chaos Knight)          Turns: 2813, Time: 00:05:02

Health: -8/48      AC: 10    Str: 14    XL:     6   Next: 8%
Magic:  7/7        EV:  7    Int: 12    God:    Xom [*.....]
Gold:   191        SH:  0    Dex: 13    Spells: 7/7 levels left

rFire   . . .        a - +0 hand axe (chaos) {Beli-Ashared}
rCold   . . .        k - +0 spear {Wenzel}
rNeg    . . .        e - +0 chain mail
rPois   .            (no helmet)
rElec   .            f - +0 cloak
rCorr   .            (no gloves)
SInv    .            (no boots)
Will    .....        (amulet unavailable) Stlth
                     (ring unavailable)
HPRegen 0.28/turn    (ring unavailable)
MPRegen 0.10/turn    (no gizmo)

%: no passive effects
@: revved
A: off-hand wielding, slow wielding, warmup strikes, no jewellery, wild magic 1
a: Invent Gizmo, Renounce Religion


You were on level 4 of the Dungeon.
You worshipped Xom.
You were a special plaything of Xom.
You visited 1 branch of the dungeon, and saw 4 of its levels.

You collected 191 gold pieces.

Inventory:

Hand Weapons
 a - a +0 hand axe of chaos (weapon) {Beli-Ashared}
 k - a +0 spear (offhand) {Wenzel}
Missiles
 l - 10 poisoned darts
Armour
 e - a +0 chain mail (worn)
 f - a +0 cloak (worn)
Magical Staves
 j - a staff of earth
Wands
 g - a wand of flame (3)
Scrolls
 c - a scroll of amnesia {unknown}
 d - a scroll of fog {unknown}


   Skills:
 * Level 3.7 Fighting
 * Level 3.8(4.0) Axes
 + Level 1.3(2.6) Polearms
 * Level 2.7 Armour
 * Level 2.1 Dodging
 + Level 1.2 Stealth
 + Level 1.0 Unarmed Combat
 + Level 1.0 Spellcasting


You had 7 spell levels left.
You didn't know any spells.
Your spell library contained the following spells:

 Spells                   Type           Power      Damage    Failure   Level
 Volatile Blastmotes      Fire/Tloc      0%         2d10      100%        3
 Fulminant Prism          Conj/Alch      0%         3d5       100%        4
 Iskenderun's Mystic Bla  Conj/Tloc      0%         2d3       100%        4
 Leda's Liquefaction      Alch/Erth      0%         N/A       100%        4
 Lee's Rapid Deconstruct  Erth           0%         3d4*      100%        5
 Bombard                  Conj/Erth      0%         9d1       100%        6


Dungeon Overview and Level Annotations

Branches:
Dungeon (4/15)
 Temple: D:4-7

Altars:
Cheibriados
Kikubaaqudgha
Makhleb
Xom

Annotations:
D:3 1 runed translucent door, TheLasagnaBaron's ghost, amateur OnBe


Innate Abilities, Weirdness & Mutations

You can wield a second weapon in your off-hand.
It takes a long time for you to wield or remove held weapons.
Your first few attacks do less damage.
You cannot equip rings or amulets.
Your spells are a little harder to cast, but a little more powerful.


Message History

The orc priest is lightly wounded.
You hit the orc but do no damage.
The orc is poisoned.
You barely miss the orc priest with your +0 spear.
The orc priest invokes the aid of Beogh against you.
Pain shoots through your body!
You take 3 damage, and have 24/48 hp.
You catch the helpless iguana completely off-guard!
You hit the iguana but do no damage.
The iguana is heavily wounded.
You hit the iguana with your +0 hand axe of chaos.
You hit the orc but do no damage.
You hit the orc priest but do no damage.
The orc priest is poisoned.
The orc is engulfed in calcifying dust.
The orc priest hits you but does no damage.
The iguana bites you.
You take 4 damage, and have 20/48 hp.
You hit the orc priest with your +0 hand axe of chaos.
The orc priest is moderately wounded.
The helpless orc fails to defend itself.
You hit the orc but do no damage.
You strike the helpless iguana from behind!
You hit the iguana with your +0 hand axe of chaos.
You freeze the iguana.
You hit the orc priest but do no damage.
The orc priest hits you with a +0 whip. The iguana bites you.
* * * LOW HITPOINT WARNING * * *
The orc is engulfed in calcifying dust.
You take 6 damage, and have 14/48 hp.
You feel better. The orc priest closely misses you. The iguana bites you!
* * * LOW HITPOINT WARNING * * *
The orc is engulfed in calcifying dust.
The iguana attacks as it pursues you! The iguana bites you!
* * * LOW HITPOINT WARNING * * *
You take 11 damage, and have 3/48 hp.
MASSIVE DAMAGE!!
This is a scroll of acquirement!
Something appears at your feet!
The iguana stops moving altogether!
The orc is engulfed in calcifying dust.
The orc priest mumbles some strange prayers to Beogh against you.
Beogh smites you!
You die...

........###..# #..
.........#..# ....
...........## #...
............##...#
...............#
.......§..o...##
.......o).{...##
........§l.....##
........o@.)....#
................#
#...............#
###........<....#
###..........#.#
#.##..######..# .#
##.# .. .. ... ...


You could see an iguana (petrified, poisoned), an orc priest (very poisoned) and
2 orcs.

Vanquished Creatures
  Crazy Yiuf (D:3)
  An orc priest (D:3)
  Jessica (D:2)
  3 gnolls (D:2)
  4 adders (D:3)
  2 dart slugs (D:2)
  3 ribbon worms
  8 orcs
  6 ball pythons
  6 endoplasms
  A giant cockroach (D:3)
  8 goblins
  6 hobgoblins
  2 jackals (D:3)
  4 bats
  4 frilled lizards
  10 kobolds
  9 rats
79 creatures vanquished.

Notes
Turn   | Place    | Note
-------+----------+-------------------------------------------
     0 | D:1      | ezpacito the Coglin Chaos Knight began the quest for the
                  | Orb.
     0 | D:1      | Reached XP level 1. HP: 18/18 MP: 1/1
    18 | D:1      | Reached skill level 1 in Dodging
    40 | D:1      | Found a faded altar of an unknown god.
    59 | D:1      | Reached XP level 2. HP: 24/24 MP: 2/2
    84 | D:1      | XOM: divination: magic mapping
   528 | D:1      | XOM: silly message
   539 | D:1      | XOM: divination: detect items
   740 | D:1      | Reached XP level 3. HP: 29/29 MP: 3/3
   929 | D:2      | Noticed Jessica
   932 | D:2      | Killed Jessica
  1121 | D:2      | Found an ancient bone altar of Kikubaaqudgha.
  1131 | D:2      | Reached XP level 4. HP: 35/35 MP: 4/4
  1320 | D:2      | XOM: divination: detect creatures
  1321 | D:2      | HP: 1/35 [gnoll/+0 spear (3)]
  1322 | D:2      | Reached skill level 1 in Polearms
  1400 | D:2      | XOM: god gift: book of Blasting
  1405 | D:2      | XOM: scenery: create altars
  1458 | D:2      | XOM: cloud trail
  1942 | D:3      | Found a runed translucent door.
  1942 | D:3      | Noticed TheLasagnaBaron's ghost (amateur OnBe)
  1977 | D:3      | Reached XP level 5. HP: 39/41 MP: 4/6
  2166 | D:3      | Found a runed translucent door.
  2167 | D:3      | Noticed Crazy Yiuf
  2171 | D:3      | Gained mutation: Your spells are a little harder to cast,
                  | but a little more powerful. [potion of mutation]
  2179 | D:3      | Killed Crazy Yiuf
  2180 | D:3      | Reached skill level 1 in Stealth
  2246 | D:3      | Reached skill level 1 in Spellcasting
  2637 | D:3      | Reached XP level 6. HP: 42/47 MP: 7/7
  2724 | D:3      | Found a burning altar of Makhleb.
  2729 | D:3      | Reached skill level 1 in Unarmed Combat
  2732 | D:3      | Found a snail-covered altar of Cheibriados.
  2790 | D:4      | XOM: cloud trail
  2813 | D:4      | Identified a scroll of acquirement
  2813 | D:4      | Acquired the +1 pair of gloves of the Smoking Gods {Rampage
                  | rC+ rCorr}
  2813 | D:4      | Killed from afar by an orc priest

Illustrated notes

Levels and vault maps discovered:
D:1:      erik_arrival_blinker_ship, layout_basic, ebering_ecumenical_altar_mist
D:2:      layout_basic, basic_altar, uniq_jessica
D:3:      layout_loops_cross, jmf_multi_god_temple2,
          hellmonk_ghost_happy_afterlife, uniq_crazy_yiuf_cottage
D:4:      layout_layer_cave, serial_shops, nicolae_shop_bloodbath_and_beyond,
          uniq_eustachio

Skill      XL: |  1  2  3  4  5  6 |
---------------+-------------------+-----
Dodging        | 1 2 |  2.1
Armour         | 2 |  2.7
Polearms       | 1 |  1.3
Stealth        | 1 |  1.2
Spellcasting   | 1 |  1.0
Unarmed Combat | 1 |  1.0
Fighting       | |  3.7
Axes           | |  3.8

Action                     |  1- 3 |  4- 6 || total
---------------------------+-------+-------++-------
  Melee: Hand axe          |    65 |   108 ||   173
         Dagger            |    60 |       ||    60
         Spear             |     2 |   117 ||   119
    Use: Potion            |       |     5 ||     5
         Scroll            |       |     2 ||     2
   Stab: Sleeping          |       |     1 ||     1
         Petrifying        |       |     2 ||     2
         Petrified         |       |     1 ||     1
 Armour: Leather armour    |    37 |    35 ||    72
         Chain mail        |       |    48 ||    48
  Dodge: Dodged            |    41 |    53 ||    94

Table legend: (Time is in decaauts)
 A = Elapsed time spent in this place.
 B = Non-inter-level travel time spent in this place.
 C = Inter-level travel time spent in this place.
 D = Time resting spent in this place.
 E = Time spent auto-exploring this place.
 F = Levels seen in this place.
 G = Mean time per level.
                   A        B        C        D        E       F      G
               +--------+--------+--------+--------+--------+-----+--------+
         Total |   2823 |   2688 |    135 |     58 |   1850 |   4 |  705.8 |
       Dungeon |   2823 |   2688 |    135 |     58 |   1850 |   4 |  705.8 |
               +--------+--------+--------+--------+--------+-----+--------+

Top non-repeatable levels by time:
     D:2: 1071 daAuts
     D:1: 865 daAuts
     D:3: 861 daAuts
     D:4: 24 daAuts
